 Dungeon Crawl Stone Soup version 0.28-b1-25-g9875b3fc8c (webtiles) character file.

Game seed: 13036853657104423446

4 tizbic2 the Grasshopper (level 1, -1/9 HPs)
             Began as a Felid Warper on Feb 2, 2022.
             Slain by a quokka (5 damage)
             ... on level 1 of the Dungeon.
             The game lasted 00:01:23 (102 turns).

tizbic2 the Grasshopper (Felid Warper)               Turns: 102, Time: 00:01:24

Health: -1/9       AC:  1    Str:  7    XL:     1   Next: 50%
Magic:  4/4        EV: 17    Int: 14    God:
Gold:   12         SH:  0    Dex: 15    Spells: 4/4 levels left
                                        Lives:  0   Deaths: 0

rFire   . . .      SeeInvis +     - Unarmed
rCold   . . .      Faith    .   (shield unavailable)
rNeg    . . .      Spirit   .   (armour unavailable)
rPois   .          Reflect  .   (helmet unavailable)
rElec   .          Harm     .   (cloak unavailable)
rCorr   .          Rampage  .   (gloves unavailable)
Will    .....                   (boots unavailable)
Stlth   ++........              (no amulet)
HPRegen 0.03/turn               (no ring)
MPRegen 0.09/turn               (no ring)

@: quick
A: very small, claws 1, fangs 3, see invisible, speed 1, shaggy fur 1, stealthy
paws, no weapons or thrown items, no armour, multi-lived
a: no special abilities


You were on level 1 of the Dungeon.
You visited 1 branch of the dungeon, and saw 1 of its levels.

You collected 12 gold pieces.

Inventory:

Scrolls
 a - a scroll of blinking
 b - a scroll of summoning {unknown}


   Skills:
 + Level 2.0 Fighting
 + Level 3.2 Dodging
 * Level 0.4 Stealth
 * Level 2.0 Unarmed Combat
 + Level 2.0 Spellcasting
 * Level 4.5 Translocations


You had 4 spell levels left.
You didn't know any spells.
Your spell library contained the following spells:

 Spells                   Type           Power      Damage    Failure   Level
 Blink                    Tloc           28%        N/A       5%          2
 Gell's Gravitas          Tloc           14%        N/A       11%         3
 Lesser Beckoning         Tloc           14%        N/A       11%         3
 Teleport Other           Tloc           14%        N/A       11%         3
 Manifold Assault         Tloc           14%        N/A       71%         5


Dungeon Overview and Level Annotations

Branches:
Dungeon (1/15)

Altars:


Innate Abilities, Weirdness & Mutations

You have sharp claws.
You have razor-sharp teeth.
You have supernaturally acute eyesight. (SInv)
You cover ground quickly. (Speed+)
You are covered in fur. (AC +1)
Your paws help you pounce on unaware monsters.
You are incapable of wielding weapons or throwing items.
You cannot wear armour.
You gain extra lives every three experience levels.


Message History

You scratch the rat.
You kill the rat!
You see here a rat corpse.
A frilled lizard comes into view.
The frilled lizard hisses angrily.
The frilled lizard completely misses you.
You miss the frilled lizard. The frilled lizard closely misses you.
You scratch the frilled lizard.
You kill the frilled lizard!
Found 27 arrows and 12 gold pieces.
A hobgoblin comes into view.
The hobgoblin shouts!
You see here 27 arrows.
A quokka comes into view.
Found a smoky blue potion.
You see here 12 gold pieces.
You now have 12 gold pieces.
You scratch the hobgoblin.
The hobgoblin is lightly wounded.
The hobgoblin closely misses you.
You scratch the hobgoblin.
The hobgoblin is moderately wounded.
The hobgoblin completely misses you.
You scratch the hobgoblin.
You bite the hobgoblin, but do no damage.
The hobgoblin is heavily wounded.
The hobgoblin misses you.
You scratch the hobgoblin.
The hobgoblin is severely wounded.
The hobgoblin hits you.
Ouch! That really hurt!
You scratch the hobgoblin.
You kill the hobgoblin!
You are a level 1 Felid Warper.
You are 50% of the way to level 2.
You'll get an extra life in 2.50 levels' worth of XP.
Play time: 00:01:06 (90 turns).
Zot will find you in 5925 turns if you stay in this branch and explore no new floors.
You barely miss the quokka. The quokka bites you.
Ouch! That really hurt!
You die...

.. #..###..# . #.....#
#. ##..#.## .....
#.#####......# .....
#............### .....
####...###....†.# #.....
#.....## ##.###.# #.....
.....##.#####.# #.#
#..... ..#####....@r.#
#.#####.....
#......#####
#...........
#..........#
#...........
#.....####.#
#..≈........ ###....#
#.≈.≈....... #.##.#
#.≈.≈....... #.##.#
#.≈..≈......
#†##.####.##.≈...≈..(..
##.##.........≈...≈(....


You could see a quokka.

Vanquished Creatures
  A hobgoblin (D:1)
  A quokka (D:1)
  A frilled lizard (D:1)
  A rat (D:1)
4 creatures vanquished.

Notes
Turn   | Place    | Note
-------+----------+-------------------------------------------
     0 | D:1      | tizbic2 the Felid Warper began the quest for the Orb.
     0 | D:1      | Reached XP level 1. HP: 9/9 MP: 4/4
   102 | D:1      | Slain by a quokka

Illustrated notes

Levels and vault maps discovered:
D:1:      ebering_trefoil_3fold, layout_rooms

Action                   || total
-------------------------++-------
Melee: Unarmed           ||    14
       Bite              ||     1
Dodge: Dodged            ||     8
